 Dungeon Sprint DCSS version 0.30-a0-279-g4b46babb21 (webtiles) character file.

Game seed: 7236050904154211097

507 rocky1 the Thaumaturge (level 7, -1/50 HPs)
             Began as a Djinni Fire Elementalist on Oct 17, 2022.
             Was an Initiate of Gozag.
             Killed from afar by a burning bush (3 damage)
             ... with a puff of flame
             ... in the Dungeon (Sprint IV: "Fedhas' Mad Dash").
             The game lasted 00:06:51 (1371 turns).

rocky1 the Thaumaturge (Djinni Fire Elementalist)   Turns: 1371, Time: 00:06:52

Health: -1/50      AC:  2    Str: 13    XL:     7   Next: 42%
Gold:   640        EV: 14    Int: 19    God:    Gozag SH:  3 Dex: 13

rFire   + + .      SeeInvis .    k - +0 rapier
rCold   x . .      Faith    .    j - +0 buckler
rNeg    . . .      Spirit   .    a - +0 robe
rPois   ∞          Reflect  .    (no helmet)
rElec   .          Harm     .    (no cloak)
rCorr   .          Rampage  .    (no gloves)
Will    .....      NoTele   +    (boots unavailable)
Stlth   +++.......               h - amulet of invisibility {+Inv}
HPRegen 0.28/turn                g - +6 ring of strength
MPRegen 0.00/turn                (no ring)

@: flying, studying Unarmed Combat
A: sickness immunity, fire resistance 2, cold vulnerability 1, float, innate
caster, HP casting, extra vitality 1
a: Renounce Religion, Evoke Invisibility, Potion Petition, Call Merchant, Bribe
Branch


You were in the Dungeon.
You worshipped Gozag.
Gozag was pleased with you.
You visited 1 branch You collected 640 gold pieces.

Inventory:

Hand Weapons
 i - a +0 short sword
 k - a +0 rapier (weapon)
Armour
 a - a +0 robe (worn)
 j - a +0 buckler (worn)
Jewellery
 g - a +6 ring of strength (left hand)
 h - the amulet of invisibility (around neck) {+Inv}
   (You found it in the Dungeon)

   [amulet of nothing]

   +Inv:      It lets you turn invisible.
Scrolls
 f - a scroll of blinking
Potions
 b - a potion of curing
 c - 2 potions of heal wounds
 d - a potion of haste
 e - a potion of berserk rage


   Skills:
 + Level 3.4 Fighting
 + Level 3.1 Short Blades
 + Level 6.4 Dodging
 + Level 5.0 Stealth
 - Level 9.2 Spellcasting
 - Level 1.7 Evocations


You had 5 spell levels left.
You knew the following spells:

 Your Spells              Type           Power      Damage    Failure   Level
a - Foxfire               Conj/Fire      100%       2x1d9     1%          1
b - Scorch                Fire           88%        2d9       1%          2
c - Kindle Blastsparks    Fire/Tloc/Air  88%        2d17      1%          3
d - Inner Flame           Hex/Fire       44%        N/A       1%          3
e - Flame Wave            Conj/Fire      44%        2d11      2%          4
f - Shock                 Conj/Air       100%       1d9       1%          1
g - Passwall              Tmut/Erth      36%        N/A       1%          2
h - Vhi's Electric Charg  Tloc/Air       88%        N/A       1%          3
Your spell library was empty.

Dungeon Overview and Level Annotations

Branches:
Dungeon (1/1)

Altars:
Cheibriados
Dithmenos
Elyvilon
Gozag
Hepliaklqana
Makhleb
Nemelex Xobeh
Okawaru
Qazlal
Ru
Trog
Uskayaw
Wu Jian
Xom
Yredelemnul
Zin
The Shining One
Jiyva
Lugonu

Shops:
D ::

Annotations:
D exclusions: oklob plant and oklob sapling


Innate Abilities, Weirdness & Mutations

You are immune to sickness and miasma.
You are immune to poison.
Your flesh is very heat resistant. (rF++)
You are vulnerable to cold. (rC-)
You float through the air rather than walking.
You learn spells naturally, not from books.
Your magical power is your life essence.
You have superior vitality. (+4 MHP)


Message History

The oklob sapling spits acid at you. The splash of acid hits you!!
* * * LOW HITPOINT WARNING * * *
The acid corrodes you!
You reach down and close the door.
You start resting.
You are no longer corroded.
You start resting.
HP restored.
You start waiting.
Done waiting.
You start waiting.
Done waiting.
You reach down and open the door.
A wandering mushroom comes into view.
Casting: Scorch (safe; 1% risk of failure)
Confirm with . or Enter, or press ? or * to list all spells.
Flames lash the burning bush.
The burning bush resists.
The burning bush is lightly damaged.
The burning bush's fire resistance burns away.
The oklob plant spits acid at you. The splash of acid hits you!!
Casting: Scorch (safe; 1% risk of failure)
Confirm with . or Enter, or press ? or * to list all spells.
Flames lash the burning bush.
The burning bush is lightly damaged.
The burning bush throws fire at you. The puff of flame misses you.
Unknown command.
Casting: Scorch (safe; 1% risk of failure)
Confirm with . or Enter, or press ? or * to list all spells.
Flames lash the burning bush.
The burning bush is moderately damaged.
The oklob plant spits acid at you. The splash of acid hits you!!
* * * LOW HITPOINT WARNING * * *
The burning bush throws fire at you. The puff of flame hits you. You resist.
You die...
Your body crumbles into a pile of gold.

#<...#.....#.....#.⌠._._
#....'.....'.#...'.._._.
#....#.....#.#...#..._._
###############'##.._._.
#y..♣........'...#._._._
#yy.y..♣.....#...#######
. ♣..♣..######
####+######P
#...@'.....f
#..###P...P. $ ####
#####


You could see an oklob plant, a wandering mushroom, a burning bush (combustible)
and an oklob sapling.

Vanquished Creatures
  A burning bush (D)
  2 scorpions (D)
  4 oklob saplings (D)
  2 spriggans (D)
  A river rat (D)
  A rat (D)
11 creatures vanquished.

Vanquished Creatures (others)
  13 foxfires (D)
  7 fungi (D)
20 creatures vanquished.

Grand Total: 31 creatures vanquished

Notes
Turn   | Place    | Note
-------+----------+-------------------------------------------
     0 | D        | rocky1 the Djinni Fire Elementalist began the quest for the
                  | Orb.
     0 | D        | rocky1 set off with the following spells memorised:
                  | Foxfire, Scorch, Kindle Blastsparks, Inner Flame, Flame
                  | Wave.
     0 | D        | Reached XP level 1. HP: 15/15 MP: 0/0
    28 | D        | Reached skill level 3 in Spellcasting
    28 | D        | Reached XP level 2. HP: 5/21 MP: 0/0
   296 | D        | Noticed an oklob sapling
   298 | D        | Killed an oklob sapling
   299 | D        | Reached skill level 4 in Spellcasting
   299 | D        | Reached XP level 3. HP: 21/25 MP: 0/0
   299 | D        | Learned a level 1 spell: Shock
   302 | D        | Noticed a scorpion
   302 | D        | Found the amulet of invisibility {+Inv}
   305 | D        | Killed a scorpion
   306 | D        | Reached skill level 6 in Spellcasting
   306 | D        | Reached XP level 4. HP: 23/31 MP: 0/0
   331 | D        | Found an opulent altar of Gozag.
   331 | D        | Found a hazy altar of Hepliaklqana.
   331 | D        | Found a burning altar of Makhleb.
   331 | D        | Found a sparkling altar of Nemelex Xobeh.
   331 | D        | Found a snail-covered altar of Cheibriados.
   331 | D        | Found a sacrificial altar of Ru.
   331 | D        | Found a shimmering altar of Xom.
   331 | D        | Found a basalt altar of Yredelemnul.
   332 | D        | Found a viscous altar of Jiyva.
   332 | D        | Found a bloodstained altar of Trog.
   332 | D        | Found an ornate altar of the Wu Jian Council.
   332 | D        | Noticed an oklob sapling priest
   333 | D        | Found an iron altar of Okawaru.
   333 | D        | Found a shadowy altar of Dithmenos.
   333 | D        | Found a glowing silver altar of Zin.
   334 | D        | Found a hide-covered altar of Uskayaw.
   335 | D        | Found a stormy altar of Qazlal.
   335 | D        | Found a white marble altar of Elyvilon.
   335 | D        | Found a glowing golden altar of the Shining One.
   336 | D        | Found a corrupted altar of Lugonu.
   340 | D        | Killed an oklob sapling priest
   341 | D        | Reached skill level 7 in Spellcasting
   341 | D        | Reached XP level 5. HP: 27/35 MP: 0/0
   341 | D        | Learned a level 2 spell: Passwall
   354 | D        | Became a worshipper of Gozag Ym Sagoz the Greedy
   665 | D        | Reached skill level 8 in Spellcasting
   665 | D        | Reached skill level 1 in Evocations
   665 | D        | Reached XP level 6. HP: 35/40 MP: 0/0
   668 | D        | Reached skill level 9 in Spellcasting
   743 | D        | Found Hiugeofu's Book Shop.
   743 | D        | Found Butsaezi's Book Emporium.
   990 | D        | Reached skill level 5 in Dodging
  1016 | D        | Noticed a queen bee
  1019 | D        | Noticed a burning bush
  1025 | D        | Killed a burning bush
  1026 | D        | Reached skill level 5 in Stealth
  1026 | D        | Reached XP level 7. HP: 38/50 MP: 0/0
  1026 | D        | Learned a level 3 spell: Vhi's Electric Charge
  1042 | D        | Noticed a burning bush
  1042 | D        | Noticed an oklob plant
  1368 | D        | Noticed a wandering mushroom
  1371 | D        | HP: 2/50 [oklob plant/splash of acid (21)]
  1371 | D        | Killed from afar by a burning bush

Illustrated notes

Levels and vault maps discovered:
D:        dungeon_sprint_fedhas [sprint_temple]

Skill      XL: |  1  2  3  4  5  6 |
---------------+-------------------+-----
Spellcasting   | 3 4 6 7 8 9 |  9.2
Dodging        | 3 4 6 |  6.4
Stealth        | 2 3 5 |  5.0
Evocations     | 1 |  1.7
Fighting       | 3 |  3.4
Short Blades   | 3 |  3.1

Action                   |  1- 3 |  4- 6 |  7- 9 || total
-------------------------+-------+-------+-------++-------
Melee: Unarmed           |    10 |       |       ||    10
       Punch             |     1 |       |       ||     1
       Rapier            |       |     1 |       ||     1
 Cast: Foxfire           |     7 |       |       ||     7
       Scorch            |     4 |    17 |     6 ||    27
 Abil: Evoke Invisibilit |       |     3 |       ||     3
 Stab: Sleeping          |       |     1 |       ||     1
Armor: Robe              |     1 |       |       ||     1
Dodge: Dodged            |     1 |     3 |     2 ||     6

Table legend: (Time is in decaauts)
 A = Elapsed time spent in this place.
 B = Non-inter-level travel time spent in this place.
 C = Inter-level travel time spent in this place.
 D = Time resting spent in this place.
 E = Time spent auto-exploring this place.
 F = Levels seen in this place.
 G = Mean time per level.
                   A        B        C        D        E       F      G
               +--------+--------+--------+--------+--------+-----+--------+
         Total |   1369 |   1366 |      3 |   1110 |      0 |   1 | 1369.0 |
       Dungeon |   1369 |   1366 |      3 |   1110 |      0 |   1 | 1369.0 |
               +--------+--------+--------+--------+--------+-----+--------+

Top non-repeatable levels by time:
       D: 1369 daAuts
